 Dungeon Crawl Stone Soup version 0.20-a0-544-g2b9a704 (webtiles) character file.

159 Kidiri the Magician (level 5, -17/28 HPs)
             Began as a Deep Elf Fire Elementalist on Jan 31, 2017.
             Demolished by an ogre
             ... wielding a +0 giant spiked club
              (22 damage)
             ... on level 4 of the Dungeon.
             The game lasted 00:06:40 (3288 turns).

Kidiri the Magician (Deep Elf Fire Elementalist)    Turns: 3288, Time: 00:06:40

Health: -17/28     AC:  2    Str:  5      XL:     5   Next: 17%
Magic:  11/14      EV: 12    Int: 21      God:
Gold:   191        SH:  0    Dex: 10 (15) Spells: 1/14 levels left

rFire    . . .     SeeInvis .   k - +0 dagger
rCold    . . .     Gourm    .   a - +0 robe
rNeg     . . .     Faith    .   (no shield)
rPois    .         Spirit   .   e - +0 hat
rElec    .         Reflect  .   (no cloak)
rCorr    .         Harm     .   (no gloves)
MR       .....                  (no boots)
Stlth    ++........             (no amulet)
Regen    0.1/turn               (no ring)
                                (no ring)

@: very slightly contaminated
A: no striking features
a: no special abilities


You were on level 4 of the Dungeon.
You were not hungry.

You visited 1 branch of the dungeon, and saw 4 of its levels.

You collected 191 gold pieces.

Inventory:

Hand Weapons
 k - a +0 dagger (weapon)
Armour
 a - a +0 robe (worn)
 e - a +0 hat (worn)
Scrolls
 n - a scroll of remove curse
Potions
 d - a potion of curing
 f - a potion of flight
 h - 2 potions of agility {unknown}
 i - a potion of heal wounds
 j - a potion of brilliance {unknown}
Books
 b - a book of Flames

   Spells                             Type                      Level
   a - Flame Tongue                   Conjuration/Fire             1
   b - Throw Flame                    Conjuration/Fire             2
   c - Conjure Flame                  Conjuration/Fire             3
   d - Inner Flame                    Hexes/Fire                   3
   e - Sticky Flame                   Conjuration/Fire             4
   f - Fireball                       Conjuration/Fire             5
Comestibles
 c - 3 bread rations
 g - 2 fruits
 l - a royal jelly
 m - 3 meat rations


   Skills:
 - Level 2.4 Dodging
 - Level 2.4 Stealth
 * Level 5.3 Spellcasting
 + Level 2.9 Conjurations
 + Level 4.4 Fire Magic


You had one spell level left.
You knew the following spells:

 Your Spells              Type           Power        Failure   Level  Hunger
a - Flame Tongue          Conj/Fire      ###..        1%          1    None
b - Throw Flame           Conj/Fire      ###...       3%          2    None
c - Conjure Flame         Conj/Fire      ###.....     10%         3    ##.....
d - Inner Flame           Hex/Fire       ##......     14%         3    ##.....
e - Sticky Flame          Conj/Fire      ###.....     24%         4    ####...


Dungeon Overview and Level Annotations

Branches:
Dungeon (4/15)
 Temple: D:4-7

Altars:


Message History

Press: ? - help, Shift-Dir - straight line, f - ogre
Aim: an ogre, wielding a giant spiked club You miscast Sticky Flame.
You are very lightly contaminated with residual magic.
You are blasted with fire.
Ouch! That really hurt!
* * * LOW HITPOINT WARNING * * *
The jackal bites you but does no damage.
Unknown command.
The jackal closely misses you. The jackal closely misses you.
Found a scroll labeled SAGADYONEA.
Found a stone staircase leading down.
Unknown command.
The jackal completely misses you. The jackal bites you.
* * * LOW HITPOINT WARNING * * *
The ogre hits you with a giant spiked club!!
Ouch! That really hurt!
You die...

... . #.# ..
########.##########...
#.....................
#.....................
#............†........
#.............<.......
#......@..............
#.....Oh.....)........
#>?...................
##..#..#.####....##.).
## ###### ###### .[ .


You could see an ogre and a jackal.

Vanquished Creatures
  A quasit (D:3)
  An orc priest (D:3)
  A howler monkey skeleton (D:4)
  An adder (D:3)
  A worm (D:2)
  4 dart slugs
  2 leopard geckos
  4 orcs (D:3)
  5 giant cockroaches
  9 goblins
  11 hobgoblins
  2 jackals
  4 kobolds (D:1)
  3 ball pythons
  2 bats (D:1)
  2 frilled lizards
  7 rats
60 creatures vanquished.

Notes
Turn   | Place    | Note
-------+----------+-------------------------------------------
     0 | D:1      | Kidiri the Deep Elf Fire Elementalist began the quest for the Orb.
     0 | D:1      | Reached XP level 1. HP: 10/10 MP: 6/6
   177 | D:1      | Reached XP level 2. HP: 7/15 MP: 2/8
   181 | D:1      | Learned a level 2 spell: Throw Flame
   840 | D:1      | Reached XP level 3. HP: 19/19 MP: 8/10
   845 | D:1      | Learned a level 3 spell: Conjure Flame
   849 | D:1      | Learned a level 3 spell: Inner Flame
  1135 | D:2      | Reached skill level 4 in Spellcasting
  1755 | D:3      | Reached XP level 4. HP: 6/24 MP: 2/12
  2081 | D:3      | Reached skill level 5 in Spellcasting
  2185 | D:3      | Learned a level 4 spell: Sticky Flame
  2937 | D:3      | Reached XP level 5. HP: 28/28 MP: 9/14
  3207 | D:4      | Noticed an ogre
  3288 | D:4      | Demolished by an ogre

Vault maps used:
D:1:      minmay_arrival_glassed_features

Skill      XL: |  1  2  3  4 |
---------------+-------------+-----
Spellcasting   | 4 5 |  5.3
Fire Magic     | 4 |  4.4
Conjurations   | 2 |  2.9
Dodging        | |  2.4
Stealth        | |  2.4

Action                   |  1- 3 |  4- 6 || total
-------------------------+-------+-------++-------
Melee: Dagger            |     2 |     8 ||    10
 Cast: Flame Tongue      |    81 |    38 ||   119
       Throw Flame       |     1 |     7 ||     8
  Use: Scroll            |     7 |     2 ||     9
       Potion            |       |     2 ||     2
 Stab: Sleeping          |     1 |       ||     1
  Eat: Chunk             |     2 |     5 ||     7
Armor: Robe              |     3 |    17 ||    20
Dodge: Dodged            |    19 |    48 ||    67
